[Event "Bruges Masters 2019"]
[Site "Bruges"]
[Date "2019.08.13"]
[Round "6.1"]
[White "Mirzoev, Azer"]
[Black "Ortiz Suarez, Isan Reynaldo"]
[Result "1/2-1/2"]
[ECO "D63"]
[WhiteElo "2474"]
[BlackElo "2533"]
[Annotator "ChessBase"]
[PlyCount "24"]
[EventDate "2019.08.11"]
[EventType "swiss"]
[EventCountry "BEL"]
[SourceTitle "playchess.com"]
[Source "ChessBase"]
[SourceQuality "1"]
[TimeControl "5400+30"]

1. c4 Nf6 2. Nc3 e6 3. d4 d5 4. Bg5 Be7 5. e3 c6 6. Nf3 Nbd7 7. a3 O-O 8. Rc1 h6 9. Bh4 b6 10. cxd5 exd5 11. Bd3 Bb7 12. O-O Re8 1/2-1/2

[Event "Bruges Masters 2019"]
[Site "Bruges"]
[Date "2019.08.13"]
[Round "6.2"]
[White "Legky, Nikolay A"]
[Black "Schalembier, Kylian"]
[Result "1-0"]
[ECO "A84"]
[WhiteElo "2397"]
[BlackElo "1406"]
[Annotator "ChessBase"]
[PlyCount "43"]
[EventDate "2019.08.11"]
[EventType "swiss"]
[EventCountry "BEL"]
[SourceTitle "playchess.com"]
[Source "ChessBase"]
[SourceQuality "1"]
[TimeControl "5400+30"]

1. d4 d5 2. Bf4 f5 3. c4 e6 4. Nc3 Nf6 5. e3 Be7 6. Nf3 c6 7. Bd3 O-O 8. Qc2 Ne4 9. h3 Nd7 10. g4 fxg4 11. hxg4 g5 12. Bxe4 dxe4 13. Qxe4 Nf6 14. Qc2 gxf4 15. g5 fxe3 16. gxf6 exf2+ 17. Kxf2 Rxf6 18. Qxh7+ Kf8 19. Qh8+ Kf7 20. Rh7+ Kg6 21. Qg7+ Kf5 22. Qg5# 1-0

[Event "Bruges Masters 2019"]
[Site "Bruges"]
[Date "2019.08.13"]
[Round "6.3"]
[White "Olander, Aleksi"]
[Black "Pel, Bonno"]
[Result "*"]
[ECO "E66"]
[WhiteElo "2066"]
[BlackElo "2255"]
[Annotator "NA"]
[PlyCount "72"]
[EventDate "2019.08.11"]
[EventType "swiss"]
[EventCountry "BEL"]
[SourceTitle "playchess.com"]
[Source "ChessBase"]
[SourceQuality "1"]
[TimeControl "5400+30"]

1. d4 d6 2. g3 g6 3. Bg2 Bg7 4. Nf3 Nf6 5. O-O O-O 6. c4 Nc6 7. Nc3 Bg4 8. d5 Na5 9. Nd2 c5 10. Qc2 a6 11. b3 b5 12. h3 Bf5 13. e4 Bd7 14. Bb2 Rb8 15. Nd1 bxc4 16. bxc4 e5 17. Ne3 Nh5 18. Bc3 f5 19. exf5 gxf5 20. Qd1 Nf6 21. f4 exf4 22. gxf4 Rf7 23. Qc2 Nh5 24. Bxg7 Rxg7 25. Nxf5 Rg6 26. Rfe1 Bxf5 27. Qxf5 Rb2 28. Rad1 Ng7 29. Qd3 Qh4 30. Rb1 Nh5 31. Re4 Rxb1+ 32. Qxb1 Nxf4 33. Qb8+ Kg7 34. Qc7+ Kh6 35. Kh1 Qg3 36. Rxf4 Qxg2# *

[Event "Bruges Masters 2019"]
[Site "Bruges"]
[Date "2019.08.13"]
[Round "6.4"]
[White "Dgebuadze, Alexandre"]
[Black "Van Malder, Dries"]
[Result "1-0"]
[ECO "B57"]
[WhiteElo "2495"]
[BlackElo "2178"]
[Annotator "ChessBase"]
[PlyCount "83"]
[EventDate "2019.08.11"]
[EventType "swiss"]
[EventCountry "BEL"]
[SourceTitle "playchess.com"]
[Source "ChessBase"]
[SourceQuality "1"]
[TimeControl "5400+30"]

1. e4 c5 2. Nf3 Nc6 3. d4 cxd4 4. Nxd4 Nf6 5. Nc3 d6 6. Bc4 Qb6 7. Nde2 e6 8. O-O Be7 9. Bb3 a6 10. Qd3 O-O 11. Qg3 Ne5 12. Kh1 Qc7 13. f4 Nc4 14. f5 Kh8 15. Qh3 b5 16. Bg5 Bb7 17. Rf4 Ng8 18. Rh4 h6 19. Bxh6 Bxh4 20. Bg5 Nh6 21. Qxh4 f6 22. Bxh6 gxh6 23. Bxc4 bxc4 24. Nf4 Kh7 25. Nxe6 Qb6 26. Nxf8+ Rxf8 27. Re1 Qxb2 28. Rb1 Qxc3 29. Rxb7+ Rf7 30. Rxf7+ Kg8 31. Qg3+ Qxg3 32. hxg3 Kxf7 33. Kg1 d5 34. exd5 Ke7 35. Kf2 Kd6 36. Ke3 Kxd5 37. g4 Ke5 38. c3 Kd5 39. Kf4 a5 40. a4 Kd6 41. Ke4 Kc5 42. g3 {[%emt 0:06:18] Kd5+} 1-0

[Event "Bruges Masters 2019"]
[Site "Bruges"]
[Date "2019.08.13"]
[Round "6.5"]
[White "Leenhouts, Koen"]
[Black "Van Doorn, Hans"]
[Result "1-0"]
[ECO "D36"]
[WhiteElo "2426"]
[BlackElo "1939"]
[Annotator "NA"]
[PlyCount "91"]
[EventDate "2019.08.11"]
[EventType "swiss"]
[EventCountry "BEL"]
[SourceTitle "playchess.com"]
[Source "ChessBase"]
[SourceQuality "1"]
[TimeControl "5400+30"]

1. d4 Nf6 2. c4 e6 3. Nc3 d5 4. cxd5 exd5 5. Bg5 Be7 6. Qc2 c6 7. e3 Qb6 8. Bxf6 Bxf6 9. Nxd5 Qa5+ 10. Nc3 O-O 11. Bd3 h6 12. Nge2 Na6 13. a3 Nb4 14. Bh7+ Kh8 15. Qb1 Nd5 16. Be4 Nxc3 17. Nxc3 c5 18. b4 cxb4 19. axb4 Qd8 20. O-O Be7 21. b5 f5 22. Bf3 Bd6 23. Qd3 a5 24. bxa6 Rxa6 25. g3 Qg5 26. Bg2 h5 27. h4 Qh6 28. Ne2 g5 29. hxg5 Qxg5 30. f4 Qg6 31. Kf2 Kg7 32. Qb3 Rf7 33. Rfc1 Rxa1 34. Rxa1 Be7 35. Bd5 Rf6 36. Qc3 Rf8 37. Qc7 Qd6 38. Qxd6 Bxd6 39. Rb1 Be7 40. Bxb7 Be6 41. Bf3 h4 42. Rb7 hxg3+ 43. Nxg3 Kf7 44. d5 Bc8 45. Rc7 Rd8 46. d6 1-0

[Event "Bruges Masters 2019"]
[Site "Bruges"]
[Date "2019.08.13"]
[Round "6.6"]
[White "Han, Yichen"]
[Black "Jonkman, Harmen"]
[Result "0-1"]
[ECO "C54"]
[WhiteElo "2217"]
[BlackElo "2394"]
[Annotator "NA"]
[PlyCount "70"]
[EventDate "2019.08.11"]
[EventType "swiss"]
[EventCountry "BEL"]
[SourceTitle "playchess.com"]
[Source "ChessBase"]
[SourceQuality "1"]
[TimeControl "5400+30"]

1. e4 e5 2. Nf3 Nc6 3. Bc4 Bc5 4. c3 Nf6 5. d3 a5 6. O-O d6 7. a4 h6 8. Re1 O-O 9. Nbd2 Nh5 10. Nf1 Qf6 11. Be3 Bg4 12. h3 Bxf3 13. Qxf3 Qxf3 14. gxf3 Ne7 15. d4 exd4 16. cxd4 Bb4 17. Red1 d5 18. Be2 g5 19. Ng3 Nxg3 20. fxg3 f5 21. Bd3 fxe4 22. fxe4 Rf3 23. Re1 Rxg3+ 24. Kh2 Bxe1 25. Rxe1 Rf3 26. exd5 Nf5 27. Bxf5 Rxf5 28. Rc1 Re8 29. Bg1 Re7 30. Rc5 Re2+ 31. Kg3 Rf1 32. Bh2 Rf7 33. Rb5 Kg7 34. Rxb7 Kg6 35. Ra7 Ref2 0-1

[Event "Bruges Masters 2019"]
[Site "Bruges"]
[Date "2019.08.13"]
[Round "6.7"]
[White "Van Osch, Mees"]
[Black "Cuvelier, Annelies"]
[Result "1-0"]
[ECO "C44"]
[WhiteElo "2316"]
[BlackElo "1808"]
[Annotator "NA"]
[PlyCount "65"]
[EventDate "2019.08.11"]
[EventType "swiss"]
[EventCountry "BEL"]
[SourceTitle "playchess.com"]
[Source "ChessBase"]
[SourceQuality "1"]
[TimeControl "5400+30"]

1. e4 e5 2. Nf3 Nc6 3. c3 Nf6 4. d4 exd4 5. e5 Ng8 6. cxd4 d5 7. Be3 Bb4+ 8. Nbd2 Nge7 9. Bd3 O-O 10. Qc2 h6 11. O-O-O f5 12. g3 Be6 13. h4 Qd7 14. Kb1 Nd8 15. Nb3 Ng6 16. Bc1 Rc8 17. h5 Nh8 18. Nh4 Be7 19. Ng2 Nhf7 20. f4 b6 21. Ne3 c5 22. Nxf5 Nc6 23. Nxe7+ Nxe7 24. dxc5 bxc5 25. Nxc5 Qc6 26. Be3 Bg4 27. Rc1 Rfd8 28. Bd4 a5 29. f5 Rb8 30. f6 gxf6 31. exf6 Nc8 32. Bh7+ Kh8 33. Qg6 1-0

[Event "Bruges Masters 2019"]
[Site "Bruges"]
[Date "2019.08.13"]
[Round "6.8"]
[White "Butzen, Robin"]
[Black "Goudriaan, Etienne"]
[Result "0-1"]
[ECO "E05"]
[WhiteElo "1967"]
[BlackElo "2341"]
[Annotator "NA"]
[PlyCount "40"]
[EventDate "2019.08.11"]
[EventType "swiss"]
[EventCountry "BEL"]
[SourceTitle "playchess.com"]
[Source "ChessBase"]
[SourceQuality "1"]
[TimeControl "5400+30"]

1. d4 Nf6 2. c4 e6 3. Nf3 d5 4. g3 Be7 5. Bg2 O-O 6. O-O dxc4 7. Qc2 b5 8. a4 b4 9. Nbd2 Bb7 10. Nxc4 Be4 11. Qd1 Nbd7 12. b3 c5 13. Bb2 Rc8 14. Rc1 Qc7 15. e3 Rfd8 16. Qe2 Qb7 17. Na5 Qd5 18. Nc4 cxd4 19. Bxd4 e5 20. Bxa7 Qb7 0-1

[Event "Bruges Masters 2019"]
[Site "Bruges"]
[Date "2019.08.13"]
[Round "6.9"]
[White "Du, Chunhui"]
[Black "Sterck, Arno"]
[Result "1-0"]
[ECO "B49"]
[WhiteElo "2137"]
[BlackElo "2316"]
[Annotator "NA"]
[PlyCount "97"]
[EventDate "2019.08.11"]
[EventType "swiss"]
[EventCountry "BEL"]
[SourceTitle "playchess.com"]
[Source "ChessBase"]
[SourceQuality "1"]
[TimeControl "5400+30"]

1. e4 c5 2. Nf3 e6 3. Nc3 Nc6 4. Be2 a6 5. O-O Qc7 6. d4 cxd4 7. Nxd4 Nf6 8. Be3 Bb4 9. Na4 Be7 10. Nxc6 bxc6 11. Qd3 c5 12. c4 Bb7 13. Bf3 Rb8 14. Rfe1 Bd6 15. g3 h5 16. Rad1 Be5 17. Nxc5 h4 18. Bd4 hxg3 19. hxg3 Bxg3 20. fxg3 Qxg3+ 21. Bg2 Qh2+ 22. Kf1 Ng4 23. Bg1 Qf4+ 24. Qf3 Qg5 25. Qg3 O-O 26. Be3 Qh5 27. Nxd7 f5 28. Nxf8 Rxf8 29. Kg1 Bxe4 30. Bxe4 fxe4 31. Rf1 Nxe3 32. Qxe3 Qg4+ 33. Kh2 Rf3 34. Rxf3 exf3 35. Qf2 Qh5+ 36. Kg1 e5 37. Rd8+ Kh7 38. Rf8 Qg4+ 39. Kh1 e4 40. Qh2+ Kg6 41. Qg1 Kh5 42. Qxg4+ Kxg4 43. Kg1 e3 44. Kf1 g5 45. c5 Kg3 46. c6 g4 47. c7 Kh2 48. c8=Q g3 49. Rh8# 1-0

[Event "Bruges Masters 2019"]
[Site "Bruges"]
[Date "2019.08.13"]
[Round "6.10"]
[White "Offringa, Joost"]
[Black "Musabayeva, Diana"]
[Result "*"]
[ECO "A39"]
[WhiteElo "2291"]
[BlackElo "1679"]
[Annotator "NA"]
[PlyCount "102"]
[EventDate "2019.08.11"]
[EventType "swiss"]
[EventCountry "BEL"]
[SourceTitle "playchess.com"]
[Source "ChessBase"]
[SourceQuality "1"]
[TimeControl "5400+30"]

1. c4 c5 2. Nf3 Nf6 3. Nc3 Nc6 4. d4 cxd4 5. Nxd4 d6 6. g3 g6 7. Bg2 Nxd4 8. Qxd4 Bg7 9. O-O O-O 10. Qd3 Rb8 11. a4 Be6 12. Be3 a6 13. b3 Qd7 14. Rfd1 Ng4 15. Bd4 Ne5 16. Qd2 Nc6 17. Bxg7 Kxg7 18. Ne4 f6 19. Qe3 Bf7 20. Nc3 Nb4 21. Qb6 Nc6 22. Rd2 Qd8 23. Qe3 Qc7 24. Rc1 Nb4 25. Rd4 Qb6 26. a5 Qa7 27. c5 Qxc5 28. Na4 Nc2 29. Nxc5 Nxe3 30. Nd7 Nf5 31. Rdd1 Bxb3 32. Re1 Ba4 33. Nxb8 Rxb8 34. Rc7 Bc6 35. Bxc6 bxc6 36. Rxc6 Ra8 37. e3 Kf7 38. Rb1 d5 39. Rbb6 d4 40. g4 Nh4 41. exd4 Nf3+ 42. Kg2 Nxd4 43. Rxa6 Rd8 44. Rc4 Nb5 45. Rb6 Nd6 46. Rc7 Ke6 47. a6 Kd5 48. a7 Ne8 49. Rxe7 Kc5 50. Rb8 Rxb8 51. axb8=Q Kc6 *

[Event "Bruges Masters 2019"]
[Site "Bruges"]
[Date "2019.08.13"]
[Round "6.11"]
[White "Cornelisse, John"]
[Black "Wilschut, Peter"]
[Result "*"]
[ECO "D15"]
[WhiteElo "2180"]
[BlackElo "2279"]
[Annotator "NA"]
[PlyCount "74"]
[EventDate "2019.08.11"]
[EventType "swiss"]
[EventCountry "BEL"]
[SourceTitle "playchess.com"]
[Source "ChessBase"]
[SourceQuality "1"]
[TimeControl "5400+30"]

1. d4 d5 2. c4 c6 3. Nc3 Nf6 4. Nf3 a6 5. a4 e6 6. Bf4 a5 7. e3 Bb4 8. Bd3 dxc4 9. Bxc4 Nd5 10. Qc2 Nxf4 11. exf4 Nd7 12. O-O O-O 13. Rad1 Nb6 14. Be2 Nd5 15. g3 Bd7 16. Ne5 Be8 17. Bg4 g6 18. Rfe1 b5 19. Re2 Bxc3 20. bxc3 b4 21. cxb4 axb4 22. Ree1 Nc3 23. Rd3 Qa5 24. Bf3 Rc8 25. f5 exf5 26. g4 Nd5 27. gxf5 Nf4 28. Qd2 g5 29. Rb3 f6 30. Nc4 Qd8 31. Rxb4 c5 32. Rb7 cxd4 33. Qb4 Rc7 34. Rb8 Rc8 35. Rb7 Rc7 36. Rb8 Rc8 37. Rb7 Rc7 *

[Event "Bruges Masters 2019"]
[Site "Bruges"]
[Date "2019.08.13"]
[Round "6.12"]
[White "Quesada Vera, Liordis"]
[Black "Kohtz, Andreas"]
[Result "1-0"]
[ECO "A05"]
[WhiteElo "2386"]
[BlackElo "1964"]
[Annotator "ChessBase"]
[PlyCount "62"]
[EventDate "2019.08.11"]
[EventType "swiss"]
[EventCountry "BEL"]
[SourceTitle "playchess.com"]
[Source "ChessBase"]
[SourceQuality "1"]
[TimeControl "5400+30"]

1. Nf3 Nf6 2. b3 g6 3. Bb2 Bg7 4. g3 O-O 5. Bg2 c5 6. c4 d5 7. cxd5 Nxd5 8. Bxg7 Kxg7 9. O-O Nc6 10. d4 Nc7 11. dxc5 Na6 12. Qc2 Qd5 13. Rc1 Kg8 14. Nbd2 Rd8 15. a3 Nd4 16. Nxd4 Qxd4 17. Nf3 Qf6 18. b4 Bd7 19. Qc3 Rac8 20. Ne5 Rc7 21. Rd1 Rdc8 22. Qe3 Ba4 23. Rd4 b6 24. Rf4 Qh8 25. Rxf7 e6 26. Qf4 bxc5 27. b5 Bxb5 28. Rd1 Qxe5 29. Qxe5 Kxf7 30. Rd6 Re7 31. Bb7 Ke8 1-0

[Event "Bruges Masters 2019"]
[Site "Bruges"]
[Date "2019.08.14"]
[Round "7.1"]
[White "Pel, Bonno"]
[Black "Legky, Nikolay A"]
[Result "0-1"]
[ECO "B25"]
[WhiteElo "2255"]
[BlackElo "2397"]
[Annotator "NA"]
[PlyCount "84"]
[EventDate "2019.08.11"]
[EventType "swiss"]
[EventCountry "BEL"]
[SourceTitle "playchess.com"]
[Source "ChessBase"]
[SourceQuality "1"]
[TimeControl "5400+30"]

1. g3 g6 2. Bg2 Bg7 3. d3 Nf6 4. e4 d6 5. f4 c5 6. Nf3 Nc6 7. O-O O-O 8. Nc3 Bg4 9. h3 Bxf3 10. Qxf3 Rb8 11. Nd1 {[%emt 0:10:40] B25: Closed Sicilian: 3 g3, lines without early Be3} Nd7 (11... b5 12. c3 Nd7 13. Ne3 b4 14. e5 Rc8 15. exd6 e6 16. Bd2 Nb6 17. Nc4 bxc3 18. bxc3 Nxc4 19. dxc4 Qxd6 {0-1 (34) Neverov,V (2498)-Jones,G (2657) Gjakova 2016}) 12. c3 Rc8 $146 ({Predecessor:} 12... f5 13. Re1 e5 14. exf5 Rxf5 15. Qd5+ Kh8 16. Qxd6 exf4 17. Bxc6 bxc6 18. gxf4 Qh4 {1-0 (47) Sheldrick,K (2161)-Encel,B (1781) Manly Sydney 2009}) 13. Ne3 b5 14. Bd2 b4 15. h4 Nb6 16. Qd1 a5 17. a4 e6 18. f5 $1 exf5 19. exf5 Ne5 20. Nd5 Nxd5 21. Bxd5 Kh8 22. Qe2 Re8 23. Rae1 $11 Qd7 24. Be3 bxc3 25. bxc3 gxf5 26. Qc2 Ng4 27. Bf4 Rxe1 28. Rxe1 Re8 29. Rb1 Qe7 30. Qd2 Qf6 31. Rb3 Bh6 32. Bf3 Ne5 33. Bg2 Bxf4 34. Qxf4 Nxd3 35. Qd2 c4 36. Rb5 f4 37. Rg5 fxg3 38. Rxg3 Re1+ 39. Kh2 Qxh4+ 40. Bh3 Rh1+ 41. Kxh1 Qxg3 42. Bg2 Kg7 0-1

[Event "Bruges Masters 2019"]
[Site "Bruges"]
[Date "2019.08.14"]
[Round "7.3"]
[White "Van Osch, Mees"]
[Black "Dgebuadze, Alexandre"]
[Result "1/2-1/2"]
[ECO "C18"]
[WhiteElo "2316"]
[BlackElo "2495"]
[Annotator "ChessBase"]
[PlyCount "59"]
[EventDate "2019.08.11"]
[EventType "swiss"]
[EventCountry "BEL"]
[SourceTitle "playchess.com"]
[Source "ChessBase"]
[SourceQuality "1"]
[TimeControl "5400+30"]

1. e4 e6 2. d4 d5 3. Nc3 Bb4 4. e5 Ne7 5. a3 Bxc3+ 6. bxc3 c5 7. Qg4 O-O 8. Bd3 Nbc6 9. Qh5 Ng6 10. Nf3 Nce7 11. h4 Bd7 12. Qg4 f5 13. Qh3 Qa5 14. Bd2 c4 15. Bf1 Ba4 16. h5 Nh8 17. h6 g6 18. Ng5 Qb6 19. Rc1 Nf7 20. Be2 Nxg5 21. Bxg5 Rae8 22. Kd2 Qb2 23. Bxe7 Rxe7 24. Qh4 Ref7 25. f4 b5 26. Qg5 a5 27. Qg3 Qxa3 28. Ra1 Qb2 29. Rhb1 Qxc2+ 30. Ke1 1/2-1/2

[Event "Bruges Masters 2019"]
[Site "Bruges"]
[Date "2019.08.14"]
[Round "7.4"]
[White "Goudriaan, Etienne"]
[Black "Mirzoev, Azer"]
[Result "0-1"]
[ECO "D17"]
[WhiteElo "2341"]
[BlackElo "2474"]
[Annotator "ChessBase"]
[PlyCount "120"]
[EventDate "2019.08.11"]
[EventType "swiss"]
[EventCountry "BEL"]
[SourceTitle "playchess.com"]
[Source "ChessBase"]
[SourceQuality "1"]
[TimeControl "5400+30"]

1. d4 d5 2. c4 c6 3. Nf3 Nf6 4. Nc3 dxc4 5. a4 Bf5 6. Ne5 e6 7. f3 c5 8. e4 Bg6 9. Be3 cxd4 10. Qxd4 Qxd4 11. Bxd4 Nfd7 12. Nxd7 Nxd7 13. Bxc4 a6 14. Rd1 Rc8 15. Ba2 Rg8 16. h4 h6 17. Ne2 Bh7 18. Ng3 Bb4+ 19. Kf1 Bd6 20. Nh5 Be5 21. Bxe5 Nxe5 22. Ke2 Ke7 23. Rd2 g5 24. hxg5 hxg5 25. Nf6 Kxf6 26. Rxh7 Rc1 27. Bb3 Rg1 28. Kf2 Rb1 29. g3 Kg6 30. Rh3 g4 31. fxg4 Nxg4+ 32. Kf3 Kf6 33. Rh4 Rf1+ 34. Ke2 Rg1 35. Rh3 Ne5 36. Kf2 Rb1 37. Kg2 Rc8 38. Rh5 Rg1+ 39. Kxg1 Nf3+ 40. Kf2 Nxd2 41. e5+ Kg6 42. Bd1 Ne4+ 43. Kg2 Rc1 44. Rh1 Kg7 45. Rg1 a5 46. Kf3 Nc5 47. Ke3 Nxa4 48. Kd2 Ra1 49. Kc2 Nc5 50. Rf1 Nd7 51. Rf3 Nxe5 52. Rb3 Nc4 53. Bh5 Rh1 54. g4 b6 55. Rc3 Rh2+ 56. Kb3 b5 57. Rc2 Rxc2 58. Kxc2 f6 59. Be8 Nd6 60. Bc6 e5 0-1

[Event "Bruges Masters 2019"]
[Site "Bruges"]
[Date "2019.08.14"]
[Round "7.5"]
[White "Jonkman, Harmen"]
[Black "Offringa, Joost"]
[Result "1/2-1/2"]
[ECO "B31"]
[WhiteElo "2394"]
[BlackElo "2291"]
[Annotator "ChessBase"]
[PlyCount "175"]
[EventDate "2019.08.11"]
[EventType "swiss"]
[EventCountry "BEL"]
[SourceTitle "playchess.com"]
[Source "ChessBase"]
[SourceQuality "1"]
[TimeControl "5400+30"]

1. e4 c5 2. Nf3 Nc6 3. Bb5 g6 4. O-O Bg7 5. Bxc6 dxc6 6. d3 Nf6 7. h3 O-O 8. Nbd2 Ne8 9. Re1 Nc7 10. a4 a5 11. e5 Ne6 12. Nc4 Qc7 13. Bd2 Nd4 14. Nxd4 cxd4 15. Qc1 Be6 16. Bh6 Bxc4 17. dxc4 f5 18. exf6 Rxf6 19. Bxg7 Kxg7 20. Qg5 Raf8 21. Qc5 Rd6 22. Qe5+ Rff6 23. Qxe7+ Qxe7 24. Rxe7+ Rf7 25. Rxf7+ Kxf7 26. Rd1 c5 27. Kf1 Rb6 28. b3 Kf6 29. Re1 d3 30. cxd3 Rxb3 31. Ke2 h5 32. g3 Kf5 33. Ke3 Rb2 34. Rg1 Kf6 35. g4 h4 36. g5+ Kf5 37. Rg4 Rb4 38. Re4 Kxg5 39. Re5+ Kh6 40. Rxc5 Rxa4 41. Rb5 Ra1 42. Rxb7 Rh1 43. Ke2 Rxh3 44. Rb1 Kg7 45. Ra1 Kf6 46. Rxa5 g5 47. Ra6+ Kf5 48. Ra5+ Kf6 49. Ra1 g4 50. c5 g3 51. fxg3 Rxg3 52. Ra4 h3 53. Rh4 Ke5 54. c6 Rg6 55. c7 Rc6 56. Rc4 Rxc4 57. dxc4 h2 58. c8=Q h1=Q 59. Qc5+ Ke6 60. Qb6+ Kd7 61. Kd2 Qc6 62. Qa7+ Qc7 63. Qa4+ Qc6 64. Qb3 Qg2+ 65. Kc1 Qf1+ 66. Kb2 Qf2+ 67. Ka1 Qg1+ 68. Ka2 Qf2+ 69. Ka3 Qa7+ 70. Kb2 Qf2+ 71. Kc1 Qg1+ 72. Kd2 Qf2+ 73. Kc1 Qg1+ 74. Qd1+ Qxd1+ 75. Kxd1 Kc6 76. Kc2 Kc5 77. Kc3 Kc6 78. Kd4 Kd6 79. c5+ Kc6 80. Kc4 Kc7 81. Kd5 Kd7 82. c6+ Kc7 83. Kc5 Kc8 84. Kb5 Kc7 85. Kc5 Kc8 86. Kd6 Kd8 87. c7+ Kc8 88. Kc6 1/2-1/2

[Event "Bruges Masters 2019"]
[Site "Bruges"]
[Date "2019.08.14"]
[Round "7.6"]
[White "Quesada Vera, Liordis"]
[Black "Du, Chunhui"]
[Result "1/2-1/2"]
[ECO "C25"]
[WhiteElo "2386"]
[BlackElo "2137"]
[Annotator "NA"]
[PlyCount "92"]
[EventDate "2019.08.11"]
[EventType "swiss"]
[EventCountry "BEL"]
[SourceTitle "playchess.com"]
[Source "ChessBase"]
[SourceQuality "1"]
[TimeControl "5400+30"]

1. e4 e5 2. Nc3 Nc6 3. g3 Bc5 4. Bg2 Qf6 5. Nf3 Nge7 6. d3 d6 7. Na4 h6 8. Nxc5 dxc5 9. Be3 b6 10. Nd2 Bb7 11. a3 a5 12. Qg4 Qg6 13. Qxg6 Nxg6 14. h4 Nge7 15. Rh2 g6 16. h5 g5 17. Bh3 Bc8 18. Bxc8 Nxc8 19. f4 f6 20. O-O-O $14 Nd6 21. Rf1 Ke7 22. Rhf2 Raf8 23. Nf3 Ne8 24. Nh2 exf4 25. gxf4 Ng7 26. e5 Nxh5 27. exf6+ Rxf6 28. fxg5 Rxf2 29. Rxf2 hxg5 30. Bxg5+ Ke6 31. Nf3 Rh7 32. Rg2 Rf7 33. Nd2 Nd4 34. c3 Nf3 35. Nxf3 Rxf3 36. Kd2 Nf4 37. Bxf4 Rxf4 38. Ke3 Rh4 39. c4 Kd6 40. Kd2 Kc6 41. Rg8 Kd7 42. Kc3 Rh3 43. Rg5 Kc6 44. Rd5 Rh1 45. Kb3 Rc1 46. Rd8 Rd1 1/2-1/2

[Event "Bruges Masters 2019"]
[Site "Bruges"]
[Date "2019.08.14"]
[Round "7.7"]
[White "Larsen, Harald"]
[Black "Bekker, Stefan"]
[Result "1/2-1/2"]
[ECO "B51"]
[WhiteElo "1991"]
[BlackElo "2272"]
[Annotator "ChessBase"]
[PlyCount "200"]
[EventDate "2019.08.11"]
[EventType "swiss"]
[EventCountry "BEL"]
[SourceTitle "playchess.com"]
[Source "ChessBase"]
[SourceQuality "1"]
[TimeControl "5400+30"]

1. e4 c5 2. Nf3 d6 3. Bb5+ Nd7 4. d4 a6 5. Bxd7+ Qxd7 6. O-O Nf6 7. Nc3 e6 8. dxc5 dxc5 9. Qe2 b5 10. Rd1 Qc7 11. Bg5 Bb7 12. Bh4 b4 13. Bg3 Qc8 14. Nd5 exd5 15. exd5+ Kd8 16. Ne5 Qf5 17. Nxf7+ Kd7 18. Qe6+ Qxe6 19. dxe6+ Kxe6 20. Nxh8 Bd5 21. Re1+ Kd7 22. a3 Bd6 23. Bxd6 Kxd6 24. axb4 cxb4 25. f3 a5 26. b3 Rxh8 27. Rxa5 Bc6 28. Ra7 Rg8 29. Ree7 Bd7 30. Re2 Nd5 31. Rd2 Bc6 32. Kf2 h5 33. Rf7 Ke6 34. Ra7 g6 35. Ra6 Kd6 36. Ra7 Re8 37. Re2 Rf8 38. Rd2 Rf6 39. Ra6 Rf7 40. Rd4 Rc7 41. Rd2 Rd7 42. Rd4 Kc7 43. Ra7+ Bb7 44. Ra5 Kb6 45. Ra1 Rc7 46. Rd2 Nc3 47. Re1 Bc8 48. Rd4 Na2 49. Rd2 Bf5 50. c4 Nc3 51. Ra1 Rf7 52. Ke1 h4 53. h3 Re7+ 54. Kf2 Re8 55. Rd6+ Kb7 56. Rd2 Re5 57. Kf1 Re3 58. Kf2 Re6 59. Kf1 Ra6 60. Rxa6 Kxa6 61. Ke1 Bb1 62. Rd6+ Ka5 63. Kd2 Bf5 64. Rd4 Nb1+ 65. Kc1 Nc3 66. Kd2 Kb6 67. Rxh4 Nb1+ 68. Kc1 Kc5 69. Rf4 Nc3 70. Kd2 Kd6 71. Rd4+ Kc5 72. Rd8 Nb1+ 73. Kc1 Nc3 74. g4 Be6 75. Kd2 Nb1+ 76. Kd3 g5 77. Re8 Kd6 78. c5+ Kd7 79. Rb8 Nc3 80. Rb7+ Kc6 81. Rb6+ Kd5 82. Rxb4 Nd1 83. Rb6 Nf2+ 84. Ke3 Nxh3 85. Rd6+ Ke5 86. b4 Bc4 87. Rd8 Nf4 88. Re8+ Kd5 89. Rg8 Ne6 90. Rg6 Bb5 91. Rxe6 Kxe6 92. f4 Be8 93. fxg5 Ke5 94. g6 Bxg6 95. c6 Kd6 96. b5 Bf7 97. Kd4 Bb3 98. Kc3 Be6 99. g5 Kc5 100. c7 Kb6 1/2-1/2

[Event "Bruges Masters 2019"]
[Site "Bruges"]
[Date "2019.08.14"]
[Round "7.8"]
[White "Wilschut, Peter"]
[Black "Maugenest, Ghislain"]
[Result "0-1"]
[ECO "D13"]
[WhiteElo "2279"]
[BlackElo "2079"]
[Annotator "ChessBase"]
[PlyCount "114"]
[EventDate "2019.08.11"]
[EventType "swiss"]
[EventCountry "BEL"]
[SourceTitle "playchess.com"]
[Source "ChessBase"]
[SourceQuality "1"]
[TimeControl "5400+30"]

1. c4 c6 2. Nf3 d5 3. cxd5 cxd5 4. d4 Nc6 5. Nc3 Nf6 6. Bf4 e6 7. e3 Be7 8. h3 O-O 9. Bd3 a6 10. O-O Nh5 11. Bh2 Bd7 12. Ne5 Nf6 13. f4 b5 14. g4 b4 15. Ne2 Ne4 16. Nxd7 Qxd7 17. Rc1 f5 18. Ng3 Nxg3 19. Bxg3 Na5 20. Qe2 Qb7 21. gxf5 exf5 22. b3 g6 23. Rc2 Rfe8 24. Rfc1 Bd6 25. Qf3 Rad8 26. Bh4 Rd7 27. Bf6 Rc7 28. Be5 Rxc2 29. Rxc2 Rd8 30. Qf1 Nc6 31. Bxa6 Qb6 32. Bxd6 Rxd6 33. Be2 Re6 34. Bf3 Qd8 35. Qb5 Ne7 36. Kf2 g5 37. fxg5 Qd6 38. Qf1 f4 39. Bg4 Re4 40. Kg2 Ng6 41. Rc8+ Kg7 42. Qc1 fxe3 43. Qc7+ Qxc7 44. Rxc7+ Kf8 45. Be2 Nf4+ 46. Kf1 Rxd4 47. Rc6 Kg7 48. Rf6 Re4 49. Rd6 d4 50. Ke1 Nxh3 51. Rd7+ Kh8 52. Bd3 Rh4 53. g6 hxg6 54. Bxg6 Nf4 55. Be4 Rg4 56. Kf1 e2+ 57. Kf2 Rg1 0-1

[Event "Bruges Masters 2019"]
[Site "Bruges"]
[Date "2019.08.14"]
[Round "7.9"]
[White "Citak, Selim"]
[Black "Faure, Stephane"]
[Result "1-0"]
[ECO "D68"]
[WhiteElo "2253"]
[BlackElo "2045"]
[Annotator "NA"]
[PlyCount "105"]
[EventDate "2019.08.11"]
[EventType "swiss"]
[EventCountry "BEL"]
[SourceTitle "playchess.com"]
[Source "ChessBase"]
[SourceQuality "1"]
[TimeControl "5400+30"]

1. d4 Nf6 2. c4 e6 3. Nc3 d5 4. Bg5 Be7 5. e3 O-O 6. Rc1 c6 7. Nf3 Nbd7 8. Bd3 dxc4 9. Bxc4 Nd5 10. Bxe7 Qxe7 11. O-O Nxc3 12. Rxc3 e5 13. Bb3 a5 {[%emt 0:11:03] D68: Queen's Gambit Declined: Classical Main Line with 9...Nd5 and 12...e5} (13... e4 14. Nd2 Nf6 15. Qb1 Bf5 16. f4 g6 17. h3 h5 18. a3 Kg7 19. Qe1 Rfc8 20. Ba2 b6 21. Qe2 Rc7 22. Rfc1 {½-½ (61) Peralta,F (2569)-Salinas Herrera,P (2486) Batumi 2018}) 14. d5 $146 ({Predecessor:} 14. Qc2 g6 15. dxe5 Nxe5 16. Nxe5 Qxe5 17. f4 Qd6 18. e4 a4 19. Bc4 b5 20. Be2 Re8 21. Kh1 Qd4 22. Bf3 Be6 23. Rd1 Qa7 24. Rxc6 {½-½ (24) Garcia,M (2148)-Wosch,A (2288) LSS email 2009}) 14... cxd5 15. Qxd5 e4 16. Nd4 Nf6 17. Qg5 a4 18. Bc2 Qb4 19. Qb5 Qxb5 20. Nxb5 Bd7 21. Nd6 Bc6 22. Nf5 Rfe8 23. Rd1 g6 24. Nd4 Bd7 25. Rc7 Bg4 26. Rc1 b5 27. Nxb5 Reb8 28. Nc3 Rxb2 29. Bxa4 Be6 30. Bc2 $14 Ra3 31. Nxe4 Nd5 32. Rc5 Raxa2 33. Bb1 Ra1 34. Bd3 Rxc1+ 35. Rxc1 Bf5 36. Nc5 Bxd3 37. Nxd3 Rd2 38. Nc5 Kg7 39. h3 h5 40. Nb3 Rb2 41. Nd4 Ra2 42. Rc2 Ra1+ 43. Kh2 Nf6 44. Kg3 Rg1 45. Kf3 g5 46. g3 Rh1 47. h4 g4+ 48. Kf4 Ra1 49. Kg5 Ne4+ 50. Kxh5 Rf1 51. Kxg4 Nxf2+ 52. Kf3 Nd1+ 53. Ke2 1-0